 Dungeon Crawl Stone Soup version 0.25.0-9-g26727b657a (webtiles) character file.

Game seed: 4324408456504193269

284 Esekla the Magician (level 6, -3/69 HPs)
             Began as a Barachi Wizard on June 18, 2020.
             Was an Initiate of Qazlal.
             Slain by an iguana (4 damage)
             ... on level 5 of the Dungeon.
             The game lasted 00:20:15 (2446 turns).

Esekla the Magician (Barachi Wizard)                Turns: 2446, Time: 00:20:15

Health: -3/69      AC:  4    Str:  9    XL:     6   Next: 29%
Magic:  11/12      EV: 13    Int: 20    God:    Qazlal [......]
Gold:   150        SH:  0    Dex: 10    Spells: 7/13 levels left

rFire    . . .     SeeInvis .   v - +2 dagger (venom)
rCold    . . .     Gourm    .   (no shield)
rNeg     . . .     Faith    .   a - +0 robe
rPois    .         Spirit   .   b - +0 hat
rElec    .         Reflect  .   (no cloak)
rCorr    .         Harm     .   h - +0 pair of gloves
MR       .....                  k - +0 pair of boots
Stlth    ..........             (no amulet)
HPRegen  0.21/turn              (no ring)
MPRegen  0.13/turn              (no ring)

@: berserking, lethally poisoned (-3 -> -4), quick
A: +LOS, swims, slowness 1, strong legs 1
a: Hop, Renounce Religion


You were on level 5 of the Dungeon.
You worshipped Qazlal.
Qazlal was noncommittal.
You were hungry.

You visited 1 branch of the dungeon, and saw 5 of its levels.

You collected 150 gold pieces.

Inventory:

Hand Weapons
 l - a +0 trident
 v - a +2 dagger of venom (weapon)
 z - a +1 dagger of freezing
Missiles
 q - 6 boomerangs (quivered)
Armour
 a - a +0 robe (worn)
 b - a +0 hat (worn)
 h - a +0 pair of gloves (worn)
 k - a +0 pair of boots (worn)
Scrolls
 c - 4 scrolls of identify {unknown}
 e - 3 scrolls of enchant armour {unknown}
 g - 2 scrolls of remove curse {unknown}
 i - 4 scrolls of teleportation
 j - a scroll of amnesia {unknown}
Potions
 m - a potion of berserk rage
 n - a potion of brilliance {unknown}
 o - a potion of cancellation {unknown}
 r - a potion of stabbing {unknown}
Comestibles
 d - 3 rations


   Skills:
 * Level 2.5 Fighting
 + Level 1.4 Short Blades
 * Level 3.9 Dodging
 - Level 1.7 Stealth
 + Level 4.2 Spellcasting
 * Level 2.6 Conjurations
   Level 1.2 Summonings
 + Level 1.1 Translocations
 * Level 1.9 Air Magic
 * Level 1.6 Poison Magic


You had 7 spell levels left.
You knew the following spells:

 Your Spells              Type           Power        Failure   Level  Hunger
a - Magic Dart            Conj           ##..         4%          1    None
b - Blink                 Tloc           N/A          12%         2    #......
c - Mephitic Cloud        Conj/Pois/Air  ##......     16%         3    ###....

Your spell library contained the following spells:

 Spells                   Type           Power        Failure   Level  Hunger
 Call Imp                 Summ           #.......     12%         2    #......
 Slow                     Hex            #.......     19%         2    #......
 Conjure Flame            Conj/Fire      #.......     22%         3    ###....


Dungeon Overview and Level Annotations

Branches:
Dungeon (4/15)
 Temple: D:4-7

Altars:
Gozag
Hepliaklqana
Kikubaaqudgha
Okawaru
Qazlal
Xom
The Shining One


Innate Abilities, Weirdness & Mutations

You can be seen from farther away. (+LOS)
You can swim through water.
You cover ground slowly.
You can hop short distances.


Message History

The centaur closely misses you.
You hit the centaur but do no damage.
The centaur is poisoned.
The centaur barely misses you. The iguana bites you!
* * * LOW HITPOINT WARNING * * *
It was a potion of berserk rage.
A red film seems to cover your vision as you go berserk!
You feel yourself moving faster!
You feel mighty!
You feel sick. The centaur misses you. The iguana bites you.
* * * LOW HITPOINT WARNING * * *
Okay, then.
You puncture the centaur!
The centaur is heavily wounded.
The centaur barely misses you. The crimson imp hits you.
* * * LOW HITPOINT WARNING * * *
You are too berserk!
You barely miss the centaur.
The centaur is heavily wounded.
The centaur hits you but does no damage.
The iguana bites you.
You die...

#.........l...........##.
#########.(.(.(.........#
######.##+#....##
#.........###.#
#........>+ # #..#†#....#
#..#_#....#
#####..#'#....#
.........l@c..#
.........5....#
..............#
..!...######.## ......
##.## ..... #...# .....
####'#### ....
##.#...#.## # #_.'.♣.'._#


You could see a centaur (very poisoned), an iguana and a crimson imp.

Vanquished Creatures
  Blork the orc (D:4)
  A bullfrog (D:5)
  An iguana (D:4)
  7 adders
  2 dart slugs
  3 leopard geckos
  3 orcs (D:2)
  7 bats
  3 giant cockroaches
  9 goblins
  5 hobgoblins
  7 jackals (D:3)
  6 frilled lizards
  4 kobolds
  5 rats
64 creatures vanquished.

Vanquished Creatures (collateral kills)
  A jackal (D:3)
1 creature vanquished.

Vanquished Creatures (others)
  A leopard gecko skeleton (D:5)
1 creature vanquished.

Grand Total: 66 creatures vanquished

Notes
Turn   | Place    | Note
-------+----------+-------------------------------------------
     0 | D:1      | Esekla the Barachi Wizard began the quest for the Orb.
     0 | D:1      | Reached XP level 1. HP: 13/13 MP: 4/4
   262 | D:2      | Found an opulent altar of Gozag.
   293 | D:1      | Reached XP level 2. HP: 20/20 MP: 3/6
   428 | D:1      | Learned a level 2 spell: Blink
   540 | D:1      | Reached skill level 1 in Fighting
   589 | D:1      | Reached XP level 3. HP: 23/26 MP: 4/8
   594 | D:1      | Learned a level 3 spell: Mephitic Cloud
  1154 | D:3      | Reached XP level 4. HP: 13/33 MP: 3/9
  1181 | D:3      | Reached skill level 1 in Air Magic
  1547 | D:4      | Noticed Blork the orc
  1564 | D:4      | Reached XP level 5. HP: 36/38 MP: 3/10
  1771 | D:4      | Killed Blork the orc
  1771 | D:4      | Reached skill level 1 in Short Blades
  1771 | D:4      | Reached skill level 4 in Spellcasting
  1771 | D:4      | Reached skill level 1 in Poison Magic
  1825 | D:4      | Found a stormy altar of Qazlal.
  1831 | D:4      | Became a worshipper of Qazlal Stormbringer
  2011 | D:3      | Found a glowing golden altar of the Shining One.
  2103 | D:3      | You fall into a shaft and drop 2 floors!
  2103 | D:5      | Entered Level 5 of the Dungeon
  2185 | D:5      | Reached XP level 6. HP: 19/46 MP: 12/12
  2366 | D:5      | Found a hazy altar of Hepliaklqana.
  2369 | D:5      | Found an iron altar of Okawaru.
  2372 | D:5      | Found a shimmering altar of Xom.
  2384 | D:5      | Found an ancient bone altar of Kikubaaqudgha.
  2443 | D:5      | HP: 2/46 [iguana (10)]
  2446 | D:5      | Slain by an iguana

Illustrated notes

Levels and vault maps discovered:
D:1:      mainiacjoe_arrival_reflecting_pool, layout_basic, minmay_fountain_box,
          chequers_serial_rivers_large_a
D:2:      layout_basic, grunt_gozag_statues, tgw_xom, uniq_sigmund
D:3:      layout_basic, nicolae_overflow_crystal_walls,
          overflow_temple_1_default, lemuel_coloured_pillars_altar,
          first_ration, hangedman_ru_absence
D:4:      layout_basic, lemuel_round_altar, grunt_qazlal_clouds,
          uniq_blork_the_orc
D:5:      layout_basic, kennysheep_mini_moat, grunt_temple_overflow_diamond,
          minmay_temple_entry_trees, minmay_misc_feat_cross,
          minmay_misc_feat_four_crosses, mrwooster_statue_mirror,
          kennysheep_slug_shrine

Skill      XL: |  1  2  3  4  5 |
---------------+----------------+-----
Fighting       | 1 2 |  2.5
Dodging        | 3 |  3.9
Air Magic      | 1 |  1.9
Conjurations   | 2 |  2.6
Short Blades   | 1 |  1.4
Spellcasting   | 4 |  4.2
Poison Magic   | 1 |  1.6
Stealth        | |  1.7
Summonings     | |  1.2
Translocations | |  1.1

Action                   |  1- 3 |  4- 6 || total
-------------------------+-------+-------++-------
Melee: Unarmed           |     7 |       ||     7
       Dagger            |    53 |    92 ||   145
 Cast: Magic Dart        |    48 |    52 ||   100
       Mephitic Cloud    |     1 |     3 ||     4
 Abil: Hop               |       |     1 ||     1
  Use: Potion            |     1 |     2 ||     3
       Scroll            |       |     1 ||     1
 Stab: Distracted        |     1 |       ||     1
       Confused          |       |     5 ||     5
       Sleeping          |       |     3 ||     3
  Eat: Chunk             |     1 |     4 ||     5
Armor: Robe              |    22 |    17 ||    39
Dodge: Dodged            |    82 |    68 ||   150
